 Dungeon Crawl Stone Soup version 0.20-a0-1117-g62da73f (webtiles) character file.

40 seren the Cudgeler (level 3, -3/23 HPs)
             Began as a Gargoyle Fighter on May 8, 2017.
             Slain by a gnoll
             ... wielding a +0 halberd
              (7 damage)
             ... on level 1 of the Dungeon on May 9, 2017.
             The game lasted 00:02:24 (670 turns).

seren the Cudgeler (Gargoyle Fighter)                Turns: 670, Time: 00:02:25

Health: -3/23      AC: 10    Str: 19    XL:     3   Next: 50%
Magic:  3/3        EV:  9    Int:  8    God:
Gold:   43         SH:  0    Dex: 10    Spells: 2/2 levels left

rFire    . . .     SeeInvis .   a - +0 whip
rCold    . . .     Gourm    .   (no shield)
rNeg     + . .     Faith    .   b - +0 scale mail
rPois    ∞         Spirit   .   (no helmet)
rElec    +         Reflect  .   (no cloak)
rCorr    .         Harm     .   (no gloves)
MR       .....                  (no boots)
Stlth    ..........             (no amulet)
Regen    0.1/turn               (no ring)
MPRegen  0.1/turn               (no ring)

@: no status effects
A: negative energy resistance 1, electricity resistance, unbreathing,
petrification resistance, rot immunity, AC +3
a: no special abilities


You were on level 1 of the Dungeon.
You were not hungry.

You visited 1 branch of the dungeon, and saw 2 of its levels.

You collected 43 gold pieces.

Inventory:

Hand Weapons
 a - a +0 whip (weapon)
 g - a +0 flail
Armour
 b - a +0 scale mail (worn)
 c - a +0 shield
Scrolls
 i - a scroll of enchant weapon {unknown}
 k - a scroll of fog {unknown}
Potions
 d - a potion of might
 e - 2 potions of flight {unknown}
 j - a potion of haste {unknown}
Comestibles
 f - a bread ration
 h - 4 chunks of flesh


   Skills:
 - Level 3.2 Fighting
 + Level 3.8 Maces & Flails
 - Level 3.2 Armour
 - Level 3.2 Shields


You had 2 spell levels left.
You didn't know any spells.

Dungeon Overview and Level Annotations

Branches:
Dungeon (2/15)

Altars:


Innate Abilities, Weirdness & Mutations

You are resistant to torment.
Your stone body is resilient. (AC +3)
You are immune to poison.
You resist negative energy. (rN+)
You are resistant to electric shocks. (rElec)
You can survive without breathing.
You are immune to petrification.
You are immune to rotting.


Message History

There is an open door here.
There is a stone staircase leading down here.
You climb downwards.
A hobgoblin and 4 gnolls come into view.
The hobgoblin shouts!
The gnoll shouts! x4; You hear a shout!
Found an escape hatch in the ceiling.
There is a stone staircase leading up here.
The gnoll hits you with a halberd. The gnoll hits you with a spear.
The gnoll hits you from afar with a spear.
You climb upwards.
There is a stone staircase leading down here.
You barely miss the gnoll. You hit the gnoll but do no damage.
The gnoll hits you but does no damage.
The gnoll hits you from afar with a halberd!
* * * LOW HITPOINT WARNING * * *
You hit the gnoll.
The gnoll is heavily wounded.
The gnoll barely misses you.
The gnoll hits you from afar with a halberd!
You die...

..........#..♣♣P..## ......##
#..♣♣P@P♣♣..# #......# #.....#
####..#####..####......# #.....#
#.'...≈≈≈≈≈...'.#......#
#.....###.#############.)......#
#....................####.######
#.###.###########..#+####.#
......# #.......##.#
#....###########.......##.#
..#.#......)..##.......##.#


You could see 2 gnolls.

Vanquished Creatures
  2 oozes (D:1)
  2 dart slugs (D:1)
  5 bats (D:1)
  A giant cockroach (D:1)
  5 goblins (D:1)
  3 hobgoblins (D:1)
  3 jackals (D:1)
  3 kobolds (D:1)
  A frilled lizard (D:1)
25 creatures vanquished.

Notes
Turn   | Place    | Note
-------+----------+-------------------------------------------
     0 | D:1      | seren the Gargoyle Fighter began the quest for the Orb.
     0 | D:1      | Reached XP level 1. HP: 14/14 MP: 1/1
     0 | D:1      | Upgraded the game from 0.20-a0-1116-gaa52201 to 0.20-a0-1117-g62da73f
    72 | D:1      | Reached XP level 2. HP: 17/19 MP: 2/2
   294 | D:1      | Reached XP level 3. HP: 23/23 MP: 3/3
   670 | D:1      | Slain by a gnoll

Vault maps used:
D:1:      tarquinn_simple_flora_water_b
D:2:      lemuel_round_altar

Skill      XL: |  1  2 |
---------------+-------+-----
Maces & Flails | 3 |  3.8
Fighting       | |  3.2
Armour         | |  3.2
Shields        | |  3.2

Action                   || total
-------------------------++-------
Melee: Flail             ||    13
       Whip              ||    92
Armor: Scale mail        ||    76
Dodge: Dodged            ||    65
